AoeStats
← Kez

Fortress

508692491Analyzed
3v3 RM · 8d ago on Sep 23, 2026· 36m 15s· 6 players
Game mode
Random Map
Map size
Large (8 player)
Population
200
Speed
Normal
Resources
Standard
Victory
Conquest
Starting age
Dark Age
Ending age
Imperial Age
RankedLock teamsTeams togetherTeam positionsShared explorationLock speedFull tech treeHidden civsTurbo modeCheats
Victory
Defeat
🇨🇴 Lithuanians · Colombia
1344
+16
🇳🇱 Byzantines · Netherlands
1304
+18
🇧🇷 Sicilians · Brazil
1293
+19
🇹🇼 Hindustanis · Taiwan
1376
-19
🇻🇳 Varangians · Vietnam
1356
-18
🇹🇼 Franks · Taiwan
1318
-16
[MLTS] RKotzen
8:04 Feudal Age
11:45 Castle Age
9:48 Double-Bit Axe
9:44 Horse Collar
13:00 Bow Saw
13:45 Fervor
18:54 Loom
19:49 Wheelbarrow
23:47 Gold Mining
27:13 Imperial Age
26:15 Scale Barding Armor
26:21 Forging
27:14 Fletching
27:53 Chain Barding Armor
27:34 Padded Archer Armor
27:30 Elite Skirmisher
28:16 Thumb Ring
28:47 Iron Casting
28:15 Tower Shields
28:36 Conscription
28:27 Bodkin Arrow
30:04 Chemistry
29:25 Ballistics
31:52 Plate Barding Armor
31:02 Pikeman
31:42 Squires
31:32 Halberdier
32:23 Scale Mail Armor
33:33 Chain Mail Armor
37:11 Coinage
Ivar
7:22 Feudal Age
8:26 Horse Collar
8:40 Double-Bit Axe
12:15 Castle Age
14:21 Bow Saw
15:32 Loom
19:42 First Crusade
19:27 Scale Mail Armor
21:15 Forging
21:21 Chain Mail Armor
21:45 Squires
21:32 Arson
22:59 Wheelbarrow
23:27 Iron Casting
25:28 Hand Cart
29:29 Imperial Age
27:22 Gold Mining
30:34 Conscription
32:22 Heavy Plow
34:41 Heavy Mounted Crossbowman
34:42 Cranequins
35:32 Fletching
36:20 Town Watch
Kez
7:59 Feudal Age
11:58 Castle Age
9:48 Double-Bit Axe
15:10 Horse Collar
15:53 Loom
18:57 Wheelbarrow
22:09 Hand Cart
25:48 Imperial Age
23:21 Heavy Plow
23:34 Bow Saw
24:12 Scale Barding Armor
27:30 Chain Barding Armor
27:34 Gold Mining
27:37 Stone Mining
28:56 Conscription
29:54 Forging
29:29 Treadmill Crane
31:00 Two-Man Saw
31:21 Plate Barding Armor
30:43 Elite Cataphract
31:21 Pikeman
32:02 Squires
32:03 Scale Mail Armor
32:30 Murder Holes
32:38 Elite Varangian Guard
33:06 Arson
34:34 Ballistics
35:39 Iron Casting
34:55 Fletching
35:18 Fortified Wall
35:03 Gambesons
35:14 Halberdier
TwBestShaco
7:34 Feudal Age
8:10 Double-Bit Axe
11:10 Castle Age
9:33 Horse Collar
12:01 Bow Saw
12:40 Heavy Plow
17:28 Wheelbarrow
19:39 Hand Cart
20:37 Gold Mining
21:01 Grand Trunk Road
22:19 Gold Shaft Mining
26:04 Imperial Age
25:42 Bloodlines
25:33 Husbandry
25:43 Scale Barding Armor
25:49 Forging
26:25 Redemption
26:18 Stone Mining
26:28 Heavy Camel Rider
27:14 Town Watch
27:14 Loom
28:30 Two-Man Saw
28:09 Coinage
28:00 Chain Barding Armor
28:16 Iron Casting
29:29 Plate Barding Armor
29:21 Conscription
28:27 Imperial Camel Rider
29:05 Siege Elephant
31:12 Chemistry
31:14 Blast Furnace
30:15 Padded Archer Armor
31:31 Light Cavalry
33:37 Town Patrol
34:07 Shatagni
34:24 Leather Archer Armor
34:40 Banking
37:00 Hoardings
36:39 Masonry
飛衫走奶
7:57 Feudal Age
11:45 Castle Age
10:07 Double-Bit Axe
11:54 Loom
12:45 Wheelbarrow
12:47 Double-Bit Axe
13:56 Bow Saw
18:27 Hand Cart
25:01 Imperial Age
22:25 Pikeman
23:29 Squires
23:15 Arson
23:15 Gambesons
24:22 Forging
24:56 Scale Mail Armor
26:21 Iron Casting
26:01 Chain Mail Armor
26:00 Halberdier
26:33 Fletching
8co
7:50 Feudal Age
6:24 Loom
9:15 Double-Bit Axe
10:50 Arson
13:20 Castle Age
11:28 Scale Mail Armor
11:21 Gold Mining
11:54 Horse Collar
13:20 Forging
14:28 Bow Saw
15:24 Squires
15:10 Gambesons
17:58 Town Watch
18:15 Heavy Plow
20:15 Chain Mail Armor
22:01 Iron Casting
22:01 Gambesons
24:27 Wheelbarrow
30:18 Imperial Age
31:36 Plate Mail Armor
32:07 Blast Furnace
32:30 Elite Varangian Guard
Connection lost

Rejoining the realm…

Still unreachable

The connection could not be restored.

Session expired

The server has moved on; the page needs a fresh start.